 Dungeon Crawl Stone Soup version 0.25.1-2-g60ff931df9 (webtiles) character file.

Game seed: 2138015775133115098

1112 gbos the Cleaver (level 8, -11/61 HPs)
             Began as a Demonspawn Berserker on Nov 16, 2020.
             Was an Elder of Trog.
             Mangled by an ogre
             ... wielding a +0 giant club
              (18 damage)
             ... on level 5 of the Dungeon.
             The game lasted 00:00:49 (5245 turns).

gbos the Cleaver (Demonspawn Berserker)             Turns: 5245, Time: 00:00:50

Health: -11/61     AC: 11    Str: 19    XL:     8   Next: 11%
Magic:  8/8        EV:  8    Int: 10    God:    Trog [****..]
Gold:   118        SH:  0    Dex: 12    Spells: 7/7 levels left

rFire    . . .     SeeInvis .   Y - +0 hand axe
rCold    . . .     Gourm    .   (no shield)
rNeg     . . .     Faith    .   d - +0 chain mail
rPois    +         Spirit   .   (helmet restricted)
rElec    .         Reflect  .   (no cloak)
rCorr    .         Harm     .   m - +0 pair of gloves
MR       .....     Clarity  +   (no boots)
Stlth    ..........             (no amulet)
HPRegen  0.20/turn              b - ring of poison resistance
MPRegen  0.11/turn              (no ring)

@: berserk cooldown
A: antennae 1, iridescent scales 1, clarity, high mp 1, powered by death 1,
screaming 1, spiny 2
a: Berserk, Trog's Hand, Brothers in Arms, Renounce Religion


You were on level 5 of the Dungeon.
You worshipped Trog.
Trog was greatly pleased with you.
You were not hungry.

You visited 1 branch of the dungeon, and saw 5 of its levels.

You collected 235 gold pieces.
You spent 117 gold pieces at shops.


Innate Abilities, Weirdness & Mutations

You have a pair of small antennae on your head.
You are partially covered in iridescent scales. (AC +2)
You regenerate a little health from kills.
You are mostly covered in sharp spines.
You possess an exceptional clarity of mind.
You have an increased reservoir of magic. (+10% MP)
You occasionally shout uncontrollably at your foes.


   Skills:
 + Level 4.7 Fighting
 - Level 8.5 Axes
 - Level 2.0 Armour
 - Level 1.7 Dodging


You had 7 spell levels left.
You didn't know any spells.
Your spell library was empty.

Inventory:

Hand Weapons
 c - a +0 flail
 Y - a +0 hand axe (weapon)
Missiles
 h - 5 boomerangs (quivered)
Armour
 d - a +0 chain mail (worn)
 j - a +0 buckler
 m - a +0 pair of gloves (worn)
Jewellery
 b - a ring of poison resistance (left hand)
Scrolls
 f - a scroll of identify
 g - 4 scrolls of remove curse
Potions
 a - a potion of stabbing {unknown}
 k - a potion of haste
 l - 5 potions of curing
 n - a potion of flight {unknown}
Comestibles
 e - 8 rations

Dungeon Overview and Level Annotations

Branches:
Dungeon (5/15)             Temple (0/1) D:5

Altars:
Cheibriados
Elyvilon
Fedhas
Okawaru
Qazlal
Wu Jian

Shops:
D:5 [

Annotations:
D:3 3 runed translucent doors, ElPutoDani's ghost, amateur CeWr
D:4 3 runed translucent doors, Dicemaster's ghost, weakling GnWr


Message History

You barely miss the ogre.
The ogre is lightly wounded.
The ogre hits you with a +0 giant club!
You barely miss the ogre.
The ogre is lightly wounded.
The ogre is struck by your spines. The ogre hits you with a +0 giant club!
You hit the ogre.
The ogre is heavily wounded.
You feel yourself speed up. The ogre completely misses you.
You hit the ogre.
The ogre is severely wounded.
The ogre is struck by your spines. The ogre hits you with a +0 giant club!
You hit the ogre but do no damage.
The ogre is severely wounded.
You hit the ogre.
The ogre is almost dead.
The ogre is struck by your spines.
The ogre hits you with a +0 giant club!!
You die...

# # #.#.# ##
#.#.# .####
#.#.# ....#
#.#.# ..#.#
#.#.# ..#.###
#.#.# .<....##
..##.#.#.#
.#.##..#
......O@.#
.#.#####
#...####.#
.#..# #...# #.#
.##.### #...#
#.# ......#
#...# #.#
#.##..# #...#
#.# ..###.#
#.lO# #.# ###
#.###########.#
#
#.............#


You could see an ogre.

Vanquished Creatures
  Grinder (D:5)
  Edmund (D:5)
  2 sky beasts (D:5)
  An ogre (D:4)
  A scorpion (D:5)
  2 hounds
  4 orc wizards
  An orc priest (D:4)
  Ijyb (D:5)
  A worker ant (D:4)
  2 hound skeletons (D:4)
  6 gnolls
  5 adders
  2 oozes (D:1)
  A worm (D:3)
  2 dart slugs
  4 leopard geckos
  12 orcs
  4 ball pythons
  2 giant cockroaches
  8 goblins
  7 hobgoblins
  4 jackals (D:1)
  12 kobolds
  2 quokkas
  6 bats
  6 frilled lizards
  A leopard gecko zombie (D:5)
  11 rats
112 creatures vanquished.

Notes
Turn   | Place    | Note
-------+----------+-------------------------------------------
     0 | D:1      | gbos the Demonspawn Berserker began the quest for the Orb.
     0 | D:1      | Reached XP level 1. HP: 18/18 MP: 1/1
     0 | D:1      | 0 ||| counter = 66
    52 | D:1      | 52 ||| INVOKING Berserk.
   275 | D:1      | 275 ||| INVOKING Berserk.
   276 | D:1      | Reached skill level 3 in Axes
   442 | D:1      | Gained mutation: You regenerate a little health from kills.
                  | [demonic ancestry]
   442 | D:1      | Reached XP level 2. HP: 21/24 MP: 2/2
  1072 | D:1      | Reached XP level 3. HP: 27/29 MP: 3/3
  1264 | D:1      | 1264 ||| UPGRADING to runed robe.
  1274 | D:1      | 1274 ||| DROPPING +0 animal skin.
  1275 | D:1      | 1275 ||| DROPPING leather armour.
  1276 | D:1      | 1276 ||| UPGRADING to pair of gloves.
  1281 | D:1      | 1281 ||| READING scroll labeled UNYPHU URUOVYF.
  1282 | D:1      | 1282 ||| READING scroll labeled AJIUHYTZ MEFYU.
  1283 | D:1      | 1283 ||| READING 2 scrolls labeled DIATUC FUGUI.
  1284 | D:1      | 1284 ||| DRINKING 3 smoky sapphire potions.
  1285 | D:1      | 1285 ||| DRINKING 2 white potions.
  1285 | D:1      | Gained mutation: You occasionally shout uncontrollably at
                  | your foes. [potion of mutation]
  1285 | D:1      | Gained mutation: You possess an exceptional clarity of
                  | mind. [potion of mutation]
  1285 | D:1      | Gained mutation: You have an increased reservoir of magic.
                  | (+10% MP) [potion of mutation]
  1286 | D:1      | 1286 ||| DROPPING potion of mutation.
  1344 | D:2      | 1344 ||| INVOKING Berserk.
  1346 | D:2      | Reached skill level 4 in Axes
  1487 | D:2      | 1487 ||| DROPPING club.
  1515 | D:2      | Reached ** piety under Trog
  2025 | D:2      | Reached XP level 4. HP: 35/35 MP: 4/4
  2224 | D:2      | 2224 ||| UPGRADING to ring mail.
  2234 | D:2      | 2234 ||| DROPPING +2 robe of magic resistance.
  2235 | D:2      | 2235 ||| READING scroll labeled BAEMARH EBUFEO.
  2236 | D:2      | 2236 ||| DRINKING 2 murky coppery potions.
  2274 | D:2      | 2274 ||| READING scroll of identify.
  2274 | D:2      | 2274 ||| IDENTIFYING garnet ring
  2275 | D:2      | 2275 ||| UPGRADING to ring of poison resistance.
  2276 | D:2      | 2276 ||| DROPPING potion of lignification.
  2383 | D:3      | Found a blossoming altar of Fedhas.
  2444 | D:3      | 2444 ||| INVOKING Berserk.
  2445 | D:3      | Noticed ElPutoDani's ghost (amateur CeWr)
  2449 | D:3      | Reached skill level 5 in Axes
  2456 | D:3      | Reached *** piety under Trog
  2464 | D:3      | 2464 ||| DROPPING +3 vorpal mace.
  2718 | D:3      | Found an iron altar of Okawaru.
  2723 | D:3      | 2723 ||| INVOKING Berserk.
  2729 | D:3      | Gained mutation: You are partially covered in sharp spines.
                  | [demonic ancestry]
  2729 | D:3      | Reached XP level 5. HP: 41/41 MP: 5/5
  2797 | D:3      | Found a runed translucent gate.
  2797 | D:3      | Found a runed translucent gate.
  2797 | D:3      | Found a runed translucent gate.
  3199 | D:3      | 3199 ||| UPGRADING to scale mail.
  3209 | D:3      | 3209 ||| DROPPING +0 ring mail.
  3210 | D:3      | 3210 ||| DRINKING 2 cyan potions.
  3211 | D:3      | 3211 ||| DROPPING potion of brilliance.
  3238 | D:4      | 3238 ||| STAIRDANCE
  3250 | D:3      | 3250 ||| UPGRADING to +0 chain mail.
  3260 | D:3      | 3260 ||| DROPPING +0 scale mail.
  3264 | D:4      | 3264 ||| STAIRDANCE
  3345 | D:4      | Found a runed translucent gate.
  3345 | D:4      | Found a runed translucent gate.
  3345 | D:4      | Found a runed translucent gate.
  3351 | D:4      | Noticed Dicemaster's ghost (weakling GnWr)
  3416 | D:4      | Noticed an ogre
  3421 | D:4      | 3421 ||| INVOKING Berserk.
  3425 | D:4      | Killed an ogre
  3425 | D:4      | Reached skill level 6 in Axes
  3425 | D:4      | Gained mutation: You are partially covered in iridescent
                  | scales. (AC +2) [demonic ancestry]
  3425 | D:4      | Reached XP level 6. HP: 47/47 MP: 6/6
  3690 | D:4      | 3690 ||| INVOKING Berserk.
  3705 | D:4      | 3705 ||| EATING 7 rations.
  4249 | D:4      | Found a white marble altar of Elyvilon.
  4249 | D:4      | Found a snail-covered altar of Cheibriados.
  4251 | D:4      | Found an ornate altar of the Wu Jian Council.
  4251 | D:4      | Found a stormy altar of Qazlal.
  4485 | D:4      | 4485 ||| DRINKING 2 viscous cyan potions.
  4490 | D:4      | 4490 ||| DROPPING potion of berserk rage.
  4536 | D:5      | Entered Level 5 of the Dungeon
  4539 | D:5      | Noticed Grinder
  4540 | D:5      | 4540 ||| INVOKING Trog's Hand.
  4542 | D:5      | Noticed Edmund
  4580 | D:5      | Found a staircase to the Ecumenical Temple.
  4592 | D:5      | Noticed Ijyb
  4600 | D:5      | Paralysed by Ijyb for 3 turns
  4609 | D:5      | Paralysed by Ijyb for 6 turns
  4620 | D:5      | Killed Ijyb
  4628 | D:5      | Gained mutation: You have a pair of small antennae on your
                  | head. [demonic ancestry]
  4628 | D:5      | Reached XP level 7. HP: 52/54 MP: 7/7
  4657 | D:5      | Reached skill level 7 in Axes
  4753 | D:5      | Reached **** piety under Trog
  4859 | D:5      | 4859 ||| INVOKING Trog's Hand.
  4877 | D:5      | Killed Grinder
  4877 | D:5      | Reached skill level 8 in Axes
  4877 | D:5      | Gained mutation: You are mostly covered in sharp spines.
                  | [demonic ancestry]
  4877 | D:5      | Reached XP level 8. HP: 40/60 MP: 8/8
  4915 | D:5      | 4915 ||| INVOKING Berserk.
  4921 | D:5      | Killed Edmund
  5061 | D:5      | Found Yckie's Antique Armour Emporium.
  5067 | D:5      | Bought a buckler for 117 gold pieces
  5067 | D:5      | 5067 ||| SHOPLISTING dazzling ring mail (234 gold, have
                  | 118).
  5067 | D:5      | 5067 ||| SHOPLISTING runed ring mail (182 gold, have 118).
  5221 | D:5      | 5221 ||| INVOKING Berserk.
  5243 | D:5      | HP: 7/61 [ogre/+0 giant club (12)]
  5245 | D:5      | Mangled by an ogre

Levels and vault maps discovered:
D:1:      denvon_arrival_waterhouse, layout_basic, st_stairs_7,
          minmay_misc_feat_nine_boxes
D:2:      layout_loops_ring, kennysheep_potato
D:3:      layout_loops_ring, fedhas_ov_isle_minmay, okawaru_altar_gauntlet_db,
          gammafunk_ghost_icy, hex_tiny
D:4:      layout_loops_corners, chequers_temple_overflow_statue_of_worship,
          gammafunk_ghost_necromancy
D:5:      layout_rooms, minmay_temple_entry_sparse_star, first_ration,
          serial_co_window_serial, co_window_corner_a, co_window_paths_a,
          co_window_paths_b, co_window_corner_a, co_window_corner_a,
          co_window_corner_a, co_window_cross_1, co_window_paths_c,
          co_window_unsneaky_path_b, co_window_corner_ca, co_window_corner_cb,
          co_window_unsneaky_path_c, co_window_cross_3, co_window_paths_e,
          glass_columns_a, serial_shops, shop, uniq_ijyb, uniq_grinder,
          uniq_edmund

Skill      XL: |  1  2  3  4  5  6  7 |
---------------+----------------------+-----
Axes           | 3 4 5 6 8 |  8.5
Armour         | 2 |  2.0
Fighting       | 4 |  4.7
Dodging        | |  1.7

Action                   |  1- 3 |  4- 6 |  7- 9 || total
-------------------------+-------+-------+-------++-------
Melee: Hand axe          |   134 |   170 |    76 ||   380
Throw: Boomerang         |     9 |    42 |     7 ||    58
Invok: Berserk           |     3 |     4 |     2 ||     9
       Trog's Hand       |       |     1 |     1 ||     2
  Use: Scroll            |     3 |     2 |       ||     5
       Potion            |     2 |     3 |       ||     5
  Eat: Chunk             |     6 |    10 |     3 ||    19
       Ration            |       |     1 |       ||     1
Armor: Animal skin       |    19 |       |       ||    19
       Robe              |    20 |     2 |       ||    22
       Ring mail         |       |    23 |       ||    23
       Chain mail        |       |    52 |    31 ||    83
       Scale mail        |       |     1 |       ||     1
Dodge: Dodged            |    81 |    62 |     7 ||   150
